AoeStats
← Alexmason

Arena

509767414Analyzed
3v3 RM · 6d ago on Sep 27, 2026· 49m 1s· 6 players
Game mode
Random Map
Map size
Normal (6 player)
Population
200
Speed
Normal
Resources
Standard
Victory
Conquest
Starting age
Dark Age
Ending age
Imperial Age
RankedLock teamsTeams togetherTeam positionsShared explorationLock speedFull tech treeHidden civsTurbo modeCheats
Victory
Defeat
🇺🇸 Varangians · United States
930
+14
🇺🇸 Danes · United States
857
+16
🇺🇸 Byzantines · United States
831
+17
🇨🇱 Franks · Chile
881
-45
🇨🇱 Huns · Chile
878
-45
🇨🇱 Mongols · Chile
857
-15
Alexmason
4:09 Loom
10:26 Feudal Age
10:52 Double-Bit Axe
10:48 Horse Collar
21:01 Castle Age
19:29 Gold Mining
19:44 Stone Mining
20:42 Fletching
21:53 Bow Saw
21:44 Heavy Plow
25:36 Gold Shaft Mining
31:54 Imperial Age
29:54 Bodkin Arrow
31:03 Stone Shaft Mining
31:50 Wheelbarrow
31:44 Thumb Ring
34:25 Conscription
34:28 Padded Archer Armor
34:51 Bracer
35:08 Hand Cart
35:34 Bloodlines
35:39 Scale Barding Armor
36:52 Drill
37:09 Husbandry
36:52 Onager
38:44 Ballistics
39:26 Chemistry
40:25 Chain Barding Armor
40:59 Masonry
40:35 Heavy Camel Rider
44:16 Leather Archer Armor
44:43 Fortified Wall
CerezaCowea
2:45 Loom
10:27 Feudal Age
11:29 Double-Bit Axe
12:42 Horse Collar
18:50 Castle Age
18:18 Wheelbarrow
17:57 Gold Mining
19:27 Bloodlines
20:24 Bow Saw
21:31 Heavy Plow
23:28 Husbandry
26:49 Hand Cart
28:22 Ballistics
29:01 Padded Archer Armor
28:51 Fletching
29:42 Gold Shaft Mining
31:05 Thumb Ring
34:17 Imperial Age
32:54 Leather Archer Armor
32:35 Bodkin Arrow
36:07 Two-Man Saw
34:59 Town Watch
35:59 Bracer
41:10 Chemistry
40:03 Heavy Cavalry Archer
44:15 Parthian Tactics
Mr Popo
1:31 Loom
10:54 Feudal Age
11:26 Double-Bit Axe
11:35 Town Watch
13:24 Wheelbarrow
16:21 Gold Mining
22:36 Scale Mail Armor
22:42 Scale Barding Armor
22:37 Padded Archer Armor
27:33 Stone Mining
30:28 Castle Age
29:22 Fletching
29:43 Forging
31:31 Hand Cart
31:43 Bow Saw
31:47 Elite Skirmisher
31:47 Crossbowman
32:15 Gambesons
34:15 Town Patrol
35:17 Caravan
35:48 Coinage
39:12 Gold Shaft Mining
38:42 Squires
38:02 Pikeman
38:28 Arson
38:07 Man-at-Arms
39:33 Sanctity
39:14 Devotion
40:56 Ordonnance Companies
44:27 Imperial Age
42:05 Long Swordsman
42:56 Husbandry
MoroseZeus50
12:09 Feudal Age
13:32 Wheelbarrow
13:08 Double-Bit Axe
20:25 Castle Age
18:42 Horse Collar
18:58 Stone Mining
19:11 Gold Mining
21:21 Hand Cart
21:20 Bow Saw
22:36 Heavy Plow
31:10 Imperial Age
29:19 Bloodlines
29:31 Scale Barding Armor
29:36 Husbandry
30:05 Forging
31:02 Chain Barding Armor
32:25 Iron Casting
32:14 Conscription
32:31 Crop Rotation
33:04 Two-Man Saw
33:16 Plate Barding Armor
32:56 Elite Jarl
36:07 Caravan
37:55 Ballistics
38:43 Chemistry
Mayor Goldie Wilson
12:19 Feudal Age
17:07 Castle Age
15:10 Stone Mining
15:07 Double-Bit Axe
18:33 Loom
19:11 Horse Collar
25:48 Bow Saw
26:34 Hamask
33:27 Imperial Age
31:45 Wheelbarrow
32:47 Arson
34:09 Capped Ram
37:07 Gold Mining
38:25 Forging
38:39 Conscription
40:28 Gold Shaft Mining
41:12 Elite Varangian Guard
42:38 Elite Jomsviking
44:35 Squires
OGDaveyDave
10:42 Feudal Age
11:32 Loom
12:03 Double-Bit Axe
11:59 Horse Collar
17:32 Castle Age
16:23 Gold Mining
16:34 Stone Mining
18:19 Wheelbarrow
18:45 Forging
18:35 Scale Mail Armor
18:31 Fletching
25:51 Hand Cart
27:18 Bow Saw
28:14 Heavy Plow
28:51 Gold Shaft Mining
28:51 Stone Shaft Mining
29:33 Bodkin Arrow
31:42 Scale Barding Armor
34:26 Imperial Age
32:38 Iron Casting
32:18 Chain Mail Armor
32:45 Caravan
33:40 Padded Archer Armor
33:35 Gambesons
33:51 Squires
34:17 Arson
35:49 Plate Mail Armor
34:42 Elite Varangian Guard
36:06 Logistica
36:17 Conscription
39:08 Two-Man Saw
38:43 Crop Rotation
39:27 Bracer
40:46 Chemistry
40:08 Ballistics
39:29 Treadmill Crane
Connection lost

Rejoining the realm…

Still unreachable

The connection could not be restored.

Session expired

The server has moved on; the page needs a fresh start.